 Dungeon Crawl Stone Soup version 0.29.1-12-g30fa7ad0bf (webtiles) character file.

Game seed: 9597248469236186974

60 xzight the Grasshopper (level 4, -9/38 HPs)
             Began as a Gnoll Warper on Dec 27, 2022.
             Killed from afar by Ijyb (17 damage)
             ... with a bolt of light
             ... on level 3 of the Dungeon.
             The game lasted 00:03:26 (2685 turns).

xzight the Grasshopper (Gnoll Warper)               Turns: 2685, Time: 00:03:26

Health: -9/38      AC:  8    Str: 10    XL:     4   Next: 4%
Magic:  11/11      EV:  9    Int: 14    God:
Gold:   106        SH:  0    Dex: 12    Spells: 11/13 levels left

rFire   . . .      SeeInvis .   a - +0 mace
rCold   . . .      Faith    .   (no shield)
rNeg    . . .      Spirit   .   i - +2 scale mail {Will+}
rPois   .          Reflect  .   (no helmet)
rElec   .          Harm     .   (no cloak)
rCorr   .          Rampage  .   (no gloves)
Will    +....                   (no boots)
Stlth   ..........              (no amulet)
HPRegen 0.12/turn               (no ring)
MPRegen 0.12/turn               (no ring)

@: no status effects
A: fangs 1, strong nose, distributed training
a: no special abilities


You were on level 3 of the Dungeon.
You visited 1 branch of the dungeon, and saw 3 of its levels.

You collected 106 gold pieces.


Innate Abilities, Weirdness & Mutations

You have very sharp teeth.
Your uncanny sense of smell can sniff out nearby items.
Your experience applies equally to all skills.


   Skills:
 + Level 4.6 Fighting
 + Level 1.0 Short Blades
 + Level 1.0 Long Blades
 + Level 1.0 Axes
 + Level 4.6 Maces & Flails
 + Level 1.0 Polearms
 + Level 1.0 Staves
 + Level 1.0 Ranged Weapons
 + Level 2.7 Throwing
 + Level 2.7 Armour
 + Level 4.6 Dodging
 + Level 1.0 Stealth
 + Level 1.0 Shields
 + Level 1.0 Unarmed Combat
 + Level 5.0 Spellcasting
 + Level 0.8 Conjurations
 + Level 0.8 Hexes
 + Level 0.8 Summonings
 + Level 0.8 Necromancy
 + Level 5.4 Translocations
 + Level 0.8 Transmutations
 + Level 0.8 Fire Magic
 + Level 0.8 Ice Magic
 + Level 0.8 Air Magic
 + Level 0.8 Earth Magic
 + Level 0.8 Poison Magic
 + Level 1.1 Invocations
 + Level 1.0 Evocations


You had 11 spell levels left.
You knew the following spells:

 Your Spells              Type           Power      Damage    Failure   Level
a - Blink                 Tloc           36%        N/A       19%         2

Your spell library contained the following spells:

 Spells                   Type           Power      Damage    Failure   Level
 Gell's Gravitas          Tloc           18%        N/A       34%         3
 Lesser Beckoning         Tloc           18%        N/A       34%         3
 Teleport Other           Tloc           18%        N/A       34%         3
 Beastly Appendage        Tmut           10%        N/A       61%         1
 Wereblood                Tmut           5%         N/A       75%         2
 Spider Form              Tmut/Pois      5%         N/A       93%         3
 Manifold Assault         Tloc           18%        N/A       97%         5

Inventory:

Hand Weapons
 a - a +0 mace (weapon)
Missiles
 d - 7 boomerangs of dispersal (quivered) {=f}
Armour
 i - a +2 scale mail of willpower (worn)
Jewellery
 m - an amulet of guardian spirit
 Y - a +4 ring of slaying
Scrolls
 b - a scroll of identify {unknown}
 c - 2 scrolls of blinking
 g - 2 scrolls of enchant armour {unknown}
 h - 4 scrolls of teleportation {unknown}
 k - a scroll of fog {unknown}
Potions
 e - a potion of curing {unknown}
 f - 2 potions of invisibility {unknown}
 j - a potion of degeneration {unknown}
 l - a potion of haste {unknown}

Dungeon Overview and Level Annotations

Branches:
Dungeon (3/15)

Altars:

Annotations:
D:3 Ijyb

#.#.......## #....#
#..........######.##
#######.#####†........
.....)......#.#####...
#######.###.#.# #...
#.......#.# #...
#.#.#..<#.# ####
#.#.###.#.# #@#.. #.#
#g#### #.# ... ..#
...## #...# #...#
#...# #...#


You could see Ijyb.


Message History

You feel agile.
Found a stone staircase leading up.
Ijyb the Twisted Goblin comes into view.
She is wielding a +0 club and carrying a wand of light (8).
Ijyb shouts!
Ijyb screams, "Me kill you!"
Ijyb zaps a wand.
The bolt of light misses you.
You hit Ijyb but do no damage. Ijyb hits you with a +0 club.
You barely miss Ijyb. Ijyb misses you.
You barely miss Ijyb.
Ijyb zaps a wand.
The bolt of light hits you!
You are confused.
You miss Ijyb.
Ijyb zaps a wand.
The bolt of light misses you.
You bump into the rock wall.
You feel less confused. Ijyb hits you but does no damage.
You completely miss Ijyb. Ijyb hits you with a +0 club.
You hit Ijyb.
Ijyb is lightly wounded.
Ijyb hits you but does no damage.
Ijyb zaps a wand.
The bolt of light hits you!
* * * LOW HITPOINT WARNING * * *
You hit Ijyb. You bite Ijyb, but do no damage.
Ijyb is lightly wounded.
Ijyb hits you but does no damage.
You hit Ijyb.
Ijyb is moderately wounded.
Ijyb hits you with a +0 club.
* * * LOW HITPOINT WARNING * * *
You hit Ijyb but do no damage.
Ijyb is moderately wounded.
Ijyb zaps a wand.
The bolt of light hits you!
You die...

Skill      XL: |  1  2  3 |
---------------+----------+-----
Spellcasting   | 5 |  5.0
Invocations    | 1 |  1.1
Short Blades   | 1 |  1.0
Long Blades    | 1 |  1.0
Axes           | 1 |  1.0
Polearms       | 1 |  1.0
Staves         | 1 |  1.0
Ranged Weapons | 1 |  1.0
Stealth        | 1 |  1.0
Shields        | 1 |  1.0
Unarmed Combat | 1 |  1.0
Evocations     | 1 |  1.0
Fighting       | |  4.6
Maces & Flails | |  4.6
Throwing       | |  2.7
Armour         | |  2.7
Dodging        | |  4.6
Conjurations   | |  0.8
Hexes          | |  0.8
Summonings     | |  0.8
Necromancy     | |  0.8
Translocations | |  5.4
Transmutations | |  0.8
Fire Magic     | |  0.8
Ice Magic      | |  0.8
Air Magic      | |  0.8
Earth Magic    | |  0.8
Poison Magic   | |  0.8

Action                   |  1- 3 |  4- 6 || total
-------------------------+-------+-------++-------
Melee: Mace              |   116 |     9 ||   125
       Bite              |    14 |     1 ||    15
Armor: Leather armour    |    25 |       ||    25
       Scale mail        |    27 |     3 ||    30
Dodge: Dodged            |    59 |     3 ||    62

Levels and vault maps discovered:
D:1:      dpeg_arrival_leaves_temple_mockup, layout_basic,
          shapermc_ecumenical_altar_mp_highgroup
D:2:      layout_basic, minmay_misc_feat_more_columns
D:3:      layout_basic, kennysheep_generic_room_12, uniq_ijyb

Notes
Turn   | Place    | Note
-------+----------+-------------------------------------------
     0 | D:1      | xzight the Gnoll Warper began the quest for the Orb.
     0 | D:1      | Reached XP level 1. HP: 20/20 MP: 6/6
    73 | D:1      | Found a faded altar of an unknown god.
  1223 | D:1      | Reached XP level 2. HP: 24/26 MP: 7/7
  1432 | D:2      | Reached skill level 5 in Spellcasting
  1432 | D:2      | Reached XP level 3. HP: 25/31 MP: 7/9
  1759 | D:2      | Reached skill level 1 in Invocations
  1835 | D:2      | Learned a level 2 spell: Blink
  1854 | D:2      | Reached skill level 1 in Short Blades
  1854 | D:2      | Reached skill level 1 in Long Blades
  1854 | D:2      | Reached skill level 1 in Axes
  1854 | D:2      | Reached skill level 1 in Polearms
  1854 | D:2      | Reached skill level 1 in Staves
  1854 | D:2      | Reached skill level 1 in Ranged Weapons
  1854 | D:2      | Reached skill level 1 in Stealth
  1854 | D:2      | Reached skill level 1 in Shields
  1854 | D:2      | Reached skill level 1 in Unarmed Combat
  1854 | D:2      | Reached skill level 1 in Evocations
  2631 | D:3      | Reached XP level 4. HP: 33/38 MP: 11/11
  2672 | D:3      | Noticed Ijyb
  2685 | D:3      | Killed from afar by Ijyb

Vanquished Creatures
  2 adders (D:2)
  2 worms
  4 dart slugs
  2 ball pythons (D:3)
  4 bats
  3 endoplasms
  2 hobgoblins
  2 kobolds (D:3)
  2 quokkas (D:2)
  A goblin (D:1)
  4 rats
28 creatures vanquished.

Table legend: (Time is in decaauts)
 A = Elapsed time spent in this place.
 B = Non-inter-level travel time spent in this place.
 C = Inter-level travel time spent in this place.
 D = Time resting spent in this place.
 E = Time spent auto-exploring this place.
 F = Levels seen in this place.
 G = Mean time per level.
                   A        B        C        D        E       F      G
               +--------+--------+--------+--------+--------+-----+--------+
         Total |   2705 |   2680 |     25 |    311 |   2036 |   3 |  901.7 |
       Dungeon |   2705 |   2680 |     25 |    311 |   2036 |   3 |  901.7 |
               +--------+--------+--------+--------+--------+-----+--------+

Top non-repeatable levels by time:
     D:1: 1277 daAuts
     D:2: 884 daAuts
     D:3: 543 daAuts

Table legend:
 A = Non-vault XP
 B = Vault XP
 C = Vault XP percentage of total XP
 D = Non-vault monster count
 E = Vault monster count
 F = Vault count percentage of total count
                 A         B        C        D         E       F
            +---------+---------+-------+---------+---------+-------
      Total |      82 |       4 |   4.7 |      26 |       2 |   7.1
            +---------+---------+-------+---------+---------+-------
        D:1 |      12 |       0 |   0.0 |       6 |       0 |   0.0
        D:2 |      56 |       0 |   0.0 |      13 |       0 |   0.0
        D:3 |      14 |       4 |  22.2 |       7 |       2 |  22.2
            +---------+---------+-------+---------+---------+-------
